 Dungeon Crawl Stone Soup version 0.20.0-8-g6b59dc7 (webtiles) character file.

924 Monsterracer the Destroyer (level 7, -1/36 HPs)
             Began as a Deep Elf Conjurer on May 30, 2017.
             Killed from afar by an orc wizard (6 damage)
             ... with a magic dart
             ... on level 6 of the Dungeon.
             The game lasted 00:13:47 (5500 turns).

Monsterracer the Destroyer (Deep Elf Conjurer)      Turns: 5500, Time: 00:13:48

Health: -1/36      AC:  5    Str:  5    XL:     7   Next: 84%
Magic:  2/19       EV: 13    Int: 22    God:
Gold:   272        SH:  0    Dex: 15    Spells: 4/19 levels left

rFire    . . .     SeeInvis .   q - +1 quarterstaff (protect)
rCold    . . .     Gourm    .   (shield currently unavailable)
rNeg     . . .     Faith    .   a - +0 robe
rPois    .         Spirit   .   v - +0 helmet
rElec    .         Reflect  .   h - +0 cloak
rCorr    .         Harm     .   (no gloves)
MR       .....                  t - +0 pair of boots
Stlth    ++........             d - amulet of magic regeneration
Regen    0.2/turn               (no ring)
MPRegen  0.3/turn               (no ring)

@: very slightly contaminated
A: no striking features
a: no special abilities


You were on level 6 of the Dungeon.
You were hungry.

You visited 1 branch of the dungeon, and saw 6 of its levels.

You collected 272 gold pieces.

Inventory:

Hand Weapons
 q - a +1 quarterstaff of protection (weapon)
Armour
 a - a +0 robe (worn)
 h - a +0 cloak (worn)
 t - a +0 pair of boots (worn)
 v - a +0 helmet (worn)
Jewellery
 d - an amulet of magic regeneration (around neck)
 w - an uncursed ring of fire
Wands
 e - a wand of flame (24/48)
 x - a wand of acid (3/15)
Scrolls
 f - 7 scrolls of remove curse
 g - 2 scrolls of identify
 i - 3 scrolls of teleportation
 o - a scroll of enchant weapon
 u - a scroll of magic mapping
Potions
 j - a potion of invisibility
 k - 2 potions of haste
 m - a potion of flight
 r - a potion of heal wounds
 s - a potion of ambrosia
Comestibles
 b - a chunk of flesh
 c - 5 bread rations
 l - 6 fruits
 n - 3 royal jellies
 p - a meat ration


   Skills:
 - Level 2.4 Dodging
 - Level 2.4 Stealth
 + Level 6.8 Spellcasting
 * Level 8.7 Conjurations
 + Level 4.2 Hexes


You had 4 spell levels left.
You knew the following spells:

 Your Spells              Type           Power        Failure   Level  Hunger
a - Magic Dart            Conj           ####         1%          1    None
b - Searing Ray           Conj           #####.       1%          2    None
c - Fulminant Prism       Conj/Hex       #####.....   6%          4    ###....
d - Iskenderun's Mystic   Conj           #####...     2%          4    ###....
e - Force Lance           Conj/Tloc      ####....     14%         4    ###....


Dungeon Overview and Level Annotations

Branches:
Dungeon (6/15)
 Temple: D:4-7

Altars:
Cheibriados
Hepliaklqana
Xom
Yredelemnul

Annotations:
D:5 asthiss's ghost, novice TrFi


Message History

Confirm with . or Enter, or press ? or * to list all spells.
Aiming: Magic Dart
Press: ? - help, Shift-Dir - straight line, f/p - orc wizard
Aim: an orc wizard, wielding a dagger and wearing a robe (heavily wounded)
The magic dart hits the orc wizard.
The orc wizard is severely wounded.
* * * LOW MAGIC WARNING * * *
The orc wizard mumbles some strange words.
The orc wizard flickers and vanishes!
Deactivating autopickup; reactivate with Ctrl-A.
You see here a tomahawk.
You see here 2 tomahawks.
You see here a tomahawk.
A magic dart appears from out of thin air!
The magic dart hits you!
* * * LOW HITPOINT WARNING * * *
There is an open door here.
A magic dart appears from out of thin air!
The magic dart hits you!
You die...

##.###.###
##.#....#
##.###.# #.#
#.# ## #.#
#.######.##
..#
#..'.##v#Z##
#.#
#..#.#####.#
#.#
####..._#v#
#.# ##.8@###
#.# #_..###
####...# #.
###'#
######.###.(#
......o)({((#
######.####.#
..) #.# ###.
#.#


You could see a spectral ugly thing and 2 insubstantial wisps.

Vanquished Creatures
  Menkaure (D:6)
  Edmund (D:4)
  An orc warrior (D:6)
  A phantom (D:4)
  A scorpion (D:4)
  A howler monkey (D:4)
  A hound (D:4)
  2 orc priests
  A bullfrog skeleton (D:4)
  A worker ant (D:4)
  An iguana (D:4)
  Robin (D:3)
  3 gnolls (D:4)
  7 adders
  2 oozes
  3 worms
  2 dart slugs
  2 leopard geckos
  13 orcs
  A ball python (D:5)
  4 giant cockroaches
  14 goblins
  16 hobgoblins
  8 jackals
  4 quokkas
  5 bats
  11 frilled lizards
  8 kobolds
  7 rats
  A spectral orc (D:3)
124 creatures vanquished.

Vanquished Creatures (others)
  7 fulminant prisms
7 creatures vanquished.

Grand Total: 131 creatures vanquished

Notes
Turn   | Place    | Note
-------+----------+-------------------------------------------
     0 | D:1      | Monsterracer the Deep Elf Conjurer began the quest for the Orb.
     0 | D:1      | Reached XP level 1. HP: 10/10 MP: 6/6
   178 | D:1      | Reached XP level 2. HP: 15/15 MP: 4/8
   217 | D:1      | Learned a level 2 spell: Searing Ray
   639 | D:1      | Reached skill level 5 in Conjurations
   727 | D:1      | Reached XP level 3. HP: 19/19 MP: 4/10
  1612 | D:2      | Reached XP level 4. HP: 24/24 MP: 6/12
  1656 | D:2      | Learned a level 4 spell: Fulminant Prism
  1661 | D:2      | Learned a level 4 spell: Iskenderun's Mystic Blast
  2717 | D:3      | Noticed Robin
  2717 | D:3      | Reached skill level 6 in Conjurations
  2728 | D:3      | Killed Robin
  2871 | D:3      | Reached XP level 5. HP: 28/28 MP: 10/14
  2897 | D:3      | Found a basalt altar of Yredelemnul.
  3121 | D:3      | Found a snail-covered altar of Cheibriados.
  3451 | D:4      | Reached skill level 5 in Spellcasting
  3638 | D:4      | Reached skill level 1 in Hexes
  3644 | D:4      | Learned a level 4 spell: Iskenderun's Mystic Blast
  3682 | D:4      | Noticed Edmund
  3683 | D:4      | Reached skill level 7 in Conjurations
  3683 | D:4      | Reached XP level 6. HP: 20/32 MP: 8/15
  3751 | D:4      | Killed Edmund
  4575 | D:4      | Learned a level 4 spell: Force Lance
  4620 | D:4      | Reached XP level 7. HP: 36/36 MP: 12/17
  4705 | D:4      | Reached skill level 8 in Conjurations
  4907 | D:5      | Entered Level 5 of the Dungeon
  4927 | D:5      | Noticed asthiss's ghost (novice TrFi)
  5460 | D:6      | Found a hazy altar of Hepliaklqana.
  5461 | D:6      | Found a shimmering altar of Xom.
  5462 | D:6      | Noticed a spectral ugly thing
  5485 | D:6      | Noticed Menkaure
  5485 | D:6      | Killed Menkaure
  5500 | D:6      | Killed from afar by an orc wizard

Skill      XL: |  1  2  3  4  5  6  7 |
---------------+----------------------+-----
Conjurations   | 5 6 7 8 |  8.7
Spellcasting   | 4 5 6 |  6.8
Hexes          | 1 2 4 |  4.2
Dodging        | |  2.4
Stealth        | |  2.4

Action                   |  1- 3 |  4- 6 |  7- 9 || total
-------------------------+-------+-------+-------++-------
Melee: Quarterstaff      |       |     1 |     2 ||     3
 Cast: Magic Dart        |    73 |    98 |    25 ||   196
       Searing Ray       |     3 |    16 |     3 ||    22
       Fulminant Prism   |       |     3 |     4 ||     7
       Iskenderun's Myst |       |     1 |     2 ||     3
  Use: Potion            |     3 |     2 |     1 ||     6
       Scroll            |       |     7 |       ||     7
  Eat: Chunk             |     2 |    10 |     3 ||    15
Armor: Robe              |     1 |     2 |     4 ||     7
Dodge: Dodged            |     6 |    15 |     9 ||    30
